 Dungeon Crawl Stone Soup version 0.32-a0-12-g7fc57aa741 (webtiles) character file.

Game seed: 12163048029966619401

107 mandarbmax the Changeling (level 4, 0/45 HPs)
             Began as an Oni Shapeshifter on Jan 14, 2024.
             Slain by a cerulean imp
             ... wielding a +2 spear
             ... summoned by Natasha
              (5 damage)
             ... on level 2 of the Dungeon.
             The game lasted 00:03:29 (1581 turns).

mandarbmax the Changeling (Oni Shapeshifter)        Turns: 1581, Time: 00:03:30

Health: 0/45       AC:  3    Str: 20    XL:     4   Next: 85%
Magic:  4/4        EV:  9    Int: 11    God:
Gold:   105        SH:  0    Dex:  8    Spells: 3/3 levels left

rFire   . . .        g - +0 mace
rCold   . . .        (no shield)
rNeg    . . .        a - +0 animal skin
rPois   .            (helmet currently unavailable)
rElec   .            (cloak currently unavailable)
rCorr   .            (gloves unavailable)
SInv    .            (boots unavailable)
Will    .....        (no amulet)
Stlth   +            (no ring)
HPRegen 0.27/turn    (no ring)
MPRegen 0.09/turn

%: no passive effects
@: beast-form, slowed, very slow
A: beast (slay +1), large, unfitting armour, horns 1, tough skin 1, double
potion healing, drunken brawling
a: Begin Untransformation


You were on level 2 of the Dungeon.
You were a hulking beast.
You visited 1 branch of the dungeon, and saw 2 of its levels.

You collected 105 gold pieces.

Inventory:

Hand Weapons
 g - a +0 mace (weapon)
Armour
 a - a +0 animal skin (worn)
Talismans
 c - a beast talisman
 d - a flux talisman
Scrolls
 e - a scroll of fear {unknown}
 f - a scroll of fog {unknown}
 h - a scroll of brand weapon {unknown}


   Skills:
 + Level 3.2 Fighting
 * Level 3.0 Maces & Flails
 - Level 2.0 Dodging
 - Level 2.6 Unarmed Combat
 + Level 3.3 Shapeshifting


You had 3 spell levels left.
You didn't know any spells.
Your spell library contained the following spells:

 Spells                   Type           Power      Damage    Failure   Level
 Apportation              Tloc           0%         N/A       34%         1
 Necrotise                Necr           0%         1d4       34%         1
 Sting                    Conj/Alch      0%         1d3       34%         1
 Summon Small Mammal      Summ           0%         N/A       34%         1


Dungeon Overview and Level Annotations

Branches:
Dungeon (2/15)

Altars:

Annotations:
D:2 Natasha


Innate Abilities, Weirdness & Mutations

You are a hulking beast.
Your limbs bulge with bestial killing power. (Slay +1)
You are too large for most types of armour.
You have a pair of small horns on your head.
You have tough skin. (AC +1)
You gain doubled healing and magic from potions.
Whenever you drink a healing potion, you attack all around you.


Message History

Natasha barely misses you.
The cerulean imp hits you with a +2 spear.
Natasha barely misses you.
You miss Natasha. Your headbutt misses Natasha.
The cerulean imp hits you with a +2 spear.
Natasha closely misses you. The cerulean imp closely misses you.
Natasha casts a spell.
You closely miss Natasha. The cerulean imp closely misses you.
Natasha stares at you and mumbles some strange words.
You feel as though you will be slow longer.
The cerulean imp hits you from afar with a +2 spear.
The cerulean imp hits you with a +2 spear.
Natasha casts a spell at you. You resist with some effort.
You miss Natasha.
The cerulean imp hits you from afar with a +2 spear.
The cerulean imp hits you but does no damage.
Natasha claws you!
The cerulean imp hits you from afar with a +2 spear.
The cerulean imp hits you with a +2 spear.
You sock Natasha!
Natasha is severely wounded.
Natasha stares at you and mumbles some strange words.
You resist with some effort.
The cerulean imp hits you from afar with a +2 spear!
* * * LOW HITPOINT WARNING * * *
The cerulean imp hits you with a +2 spear.
* * * LOW HITPOINT WARNING * * *
Natasha mewls in sadness.
Natasha casts a spell at you.
You feel as though you will be slow longer.
The cerulean imp closely misses you. The cerulean imp barely misses you.
You hit Natasha.
Natasha is severely wounded.
Natasha barely misses you.
The cerulean imp hits you from afar with a +2 spear.
* * * LOW HITPOINT WARNING * * *
The cerulean imp closely misses you. Natasha completely misses you.
The cerulean imp hits you from afar with a +2 spear.
You die...

#.# #......#.#### #.#
#........# # #)#
########## # #)# # .
#.# ...###.###
####### ....^..#.#
#.....# ...###<..#
#h55..# .
#.#.#######h....#
#.#.......+.....#
##.#########.....#
###..## #...#####
##.....## #.###
##.##.##.#####.#####
#.#.≈.≈.#..<.......#
.#..≈.≈..#.###.....#
#≈≈≈≈.≈§≈≈#.##.....##


You could see Natasha and 2 cerulean imps.

Vanquished Creatures
  Terence (D:2)
  4 adders (D:2)
  2 ribbon worms (D:2)
  5 ball pythons
  4 endoplasms (D:1)
  A giant cockroach (D:1)
  4 goblins
  4 hobgoblins
  3 jackals (D:2)
  3 quokkas
  2 frilled lizards
  5 kobolds
  A rat (D:1)
39 creatures vanquished.

Notes
Turn   | Place    | Note
-------+----------+-------------------------------------------
     0 | D:1      | mandarbmax the Oni Shapeshifter began the quest for the
                  | Orb.
     0 | D:1      | Reached XP level 1. HP: 19/19 MP: 1/1
   174 | D:1      | Reached skill level 1 in Maces & Flails
   174 | D:1      | Reached XP level 2. HP: 25/28 MP: 2/2
   956 | D:2      | Reached XP level 3. HP: 36/36 MP: 3/3
  1254 | D:2      | Reached XP level 4. HP: 39/44 MP: 4/4
  1316 | D:2      | Noticed Terence
  1350 | D:2      | Killed Terence
  1465 | D:2      | Found a faded altar of an unknown god.
  1573 | D:2      | Noticed Natasha
  1581 | D:2      | Slain by a cerulean imp

Illustrated notes

Levels and vault maps discovered:
D:1:      minmay_arrival_cross, layout_loops_corners
D:2:      layout_basic, serial_shops, shop,
          shapermc_ecumenical_altar_starsandcircs, uniq_natasha, uniq_terence

Skill      XL: |  1  2  3  4 |
---------------+-------------+-----
Maces & Flails | 1 2 3 |  3.0
Dodging        | 2 |  2.0
Fighting       | 2 3 |  3.2
Unarmed Combat | |  2.6
Shapeshifting  | |  3.3

Action                     |  1- 3 |  4- 6 || total
---------------------------+-------+-------++-------
  Melee: Unarmed           |    36 |       ||    36
         Headbutt          |     8 |     4 ||    12
         Mace              |    31 |    60 ||    91
         Punch             |     1 |     1 ||     2
    Use: Potion            |       |     1 ||     1
 Armour: Animal skin       |    48 |    40 ||    88
         Skin              |       |    24 ||    24
  Dodge: Dodged            |    31 |    30 ||    61

Table legend: (Time is in decaauts)
 A = Elapsed time spent in this place.
 B = Non-inter-level travel time spent in this place.
 C = Inter-level travel time spent in this place.
 D = Time resting spent in this place.
 E = Time spent auto-exploring this place.
 F = Levels seen in this place.
 G = Mean time per level.
                   A        B        C        D        E       F      G
               +--------+--------+--------+--------+--------+-----+--------+
         Total |   1605 |   1595 |     10 |     55 |   1225 |   2 |  802.5 |
       Dungeon |   1605 |   1595 |     10 |     55 |   1225 |   2 |  802.5 |
               +--------+--------+--------+--------+--------+-----+--------+

Top non-repeatable levels by time:
     D:1: 903 daAuts
     D:2: 702 daAuts
